 Dungeon Crawl Stone Soup version 0.25-a0-161-gb7fd73da8f (webtiles) character file.

Game seed: 5290330334857435502, levelgen mode: deterministic

1 MisterFreud the Stinger (level 1, 0/9 HPs)
             Began as a Felid Wanderer on Nov 21, 2019.
             Slain by a jackal (3 damage)
             ... on level 1 of the Dungeon.
             The game lasted 00:00:24 (68 turns).

MisterFreud the Stinger (Felid Wanderer)              Turns: 68, Time: 00:00:25

Health: 0/9        AC:  1    Str:  7    XL:     1   Next: 16%
Magic:  3/3        EV: 16    Int: 15    God:
Gold:   0          SH:  0    Dex: 14    Spells: 1/2 levels left
                                        Lives:  0   Deaths: 0

rFire    . . .     SeeInvis +     - Unarmed
rCold    . . .     Gourm    .   (shield unavailable)
rNeg     . . .     Faith    .   (armour unavailable)
rPois    .         Spirit   .   (helmet unavailable)
rElec    .         Reflect  .   (cloak unavailable)
rCorr    .         Harm     .   (gloves unavailable)
MR       .....                  (boots unavailable)
Stlth    ++........             (no amulet)
HPRegen  0.03/turn              (no ring)
MPRegen  0.08/turn              (no ring)

@: quick
A: very small, no armour, no weapons or thrown items, stealth, claws 1, fangs 3,
see invisible, carnivore, speed 1, shaggy fur 1, slow metabolism 1, sharp paws
a: no special abilities


You were on level 1 of the Dungeon.
You were not hungry.

You visited 1 branch of the dungeon, and saw 1 of its levels.

Inventory:

Potions
 b - a potion of curing
Comestibles
 d - a ration


   Skills:
 + Level 1.2 Fighting
 - Level 1.3 Dodging
 - Level 1.3 Stealth
 - Level 1.0 Unarmed Combat
 - Level 1.0 Spellcasting
   Level 1.0 Earth Magic
 - Level 2.6 Poison Magic
   Level 1.1 Evocations


You had one spell level left.
You knew the following spells:

 Your Spells              Type           Power        Failure   Level  Hunger
a - Sting                 Conj/Pois      #...         14%         1    ##.....

Your spell library contained the following spells:

 Spells                   Type           Power        Failure   Level  Hunger
 Poisonous Vapours        Pois/Air       #.....       22%         2    ###....
 Swiftness                Chrm/Air       #.......     36%         2    ###....
 Mephitic Cloud           Conj/Pois/Air  #.......     45%         3    ####...
 Olgreb's Toxic Radiance  Pois           #.......     63%         4    #####..
 Venom Bolt               Conj/Pois      #.........   98%         5    ######.


Dungeon Overview and Level Annotations

Branches:
Dungeon (1/15)

Altars:


Innate Abilities, Weirdness & Mutations

You cannot wear armour.
You are incapable of wielding weapons or throwing items.
Your paws allow you to move quietly. (Stealth)
You have sharp claws.
You have razor-sharp teeth.
You have supernaturally acute eyesight. (SInv)
You are carnivorous and can eat meat at any time.
You cover ground quickly.
You are covered in fur. (AC +1)
You have a slow metabolism.
Your sharp claws are effective at attacking unaware monsters.


Message History

The jackal closely misses you. The jackal completely misses you.
You closely miss the jackal.
The jackal is heavily wounded.
The jackal completely misses you.
You closely miss the jackal.
The jackal is heavily wounded.
The jackal misses you. The jackal bites you.
You barely miss the jackal.
The jackal is heavily wounded.
The jackal barely misses you.
You scratch the jackal but do no damage.
The jackal is heavily wounded.
The jackal bites you.
You scratch the jackal.
You kill the jackal!
The jackal barely misses you.
You scratch the jackal.
The jackal is severely wounded.
The jackal bites you.
You die...

#.............#
#^#H#H#a### #.h#
#..###...#
######### #..###..#
#...# #h.h##..#
#...#
#..h##..###...#
#....#........####
#..#.#..###.......
#.##....###.......#
#......hhh@.......#
#####...###.......#
#...# ###+#####
+...# ##..# #...
#.... #....


You could see 3 jackals.

Vanquished Creatures
  A jackal (D:1)
1 creature vanquished.

Notes
Turn   | Place    | Note
-------+----------+-------------------------------------------
     0 | D:1      | MisterFreud the Felid Wanderer began the quest for the Orb.
     0 | D:1      | MisterFreud set off with the following items: a potion of
                  | curing, a ration; and the following spell memorised: Sting;
                  | and the following spells available to memorise: Poisonous
                  | Vapours, Swiftness, Mephitic Cloud, Olgreb's Toxic
                  | Radiance, Venom Bolt
     0 | D:1      | Reached XP level 1. HP: 9/9 MP: 3/3
     0 | D:1      | Noticed a vine stalker
     1 | D:1      | Noticed a formicid
     3 | D:1      | Noticed a troll
     6 | D:1      | Noticed an ogre
     7 | D:1      | Noticed a naga
    10 | D:1      | Noticed a minotaur
    10 | D:1      | Noticed a troll
    12 | D:1      | Noticed a ghoul
    12 | D:1      | Noticed a formicid
    13 | D:1      | Noticed a minotaur
    16 | D:1      | Noticed an ogre
    16 | D:1      | Noticed a vine stalker
    16 | D:1      | Noticed a minotaur
    18 | D:1      | Noticed a draconian
    20 | D:1      | Noticed a naga
    68 | D:1      | Slain by a jackal

Levels and vault maps discovered:
D:1:      shiori_arrival_whats_in_store_for_you, layout_basic

Action                   || total
-------------------------++-------
Melee: Unarmed           ||    11
Dodge: Dodged            ||     9

Table legend:
 A = Non-vault XP
 B = Vault XP
 C = Vault XP percentage of total XP
 D = Non-vault monster count
 E = Vault monster count
 F = Vault count percentage of total count
                 A         B        C        D         E       F
            +---------+---------+-------+---------+---------+-------
      Total |       2 |       0 |   0.0 |       1 |       0 |   0.0
            +---------+---------+-------+---------+---------+-------
        D:1 |       2 |       0 |   0.0 |       1 |       0 |   0.0
            +---------+---------+-------+---------+---------+-------
